 Dungeon Crawl Stone Soup version 0.27.1-3-gb3d3a73c9e (webtiles) character file.

Game seed: 9331261678158481069

2359 pkoi the Grappler (level 9, -2/80 HPs)
             Began as a Troll Monk on Oct 15, 2021.
             Was a Follower of Okawaru.
             Slain by a killer bee (4 damage)
             ... on level 7 of the Dungeon.
             The game lasted 00:07:37 (4995 turns).

pkoi the Grappler (Troll Monk)                      Turns: 4995, Time: 00:07:38

Health: -2/80      AC:  8    Str: 24    XL:     9   Next: 20%
Magic:  8/8        EV: 11    Int:  6    God:    Okawaru [*.....]
Gold:   386        SH:  0    Dex: 12    Spells: 8/8 levels left

rFire    + . .     SeeInvis .     - Unarmed
rCold    . . .     Faith    .   (no shield)
rNeg     . . .     Spirit   .   a - +0 robe
rPois    .         Reflect  .   (helmet restricted)
rElec    .         Harm     .   (no cloak)
rCorr    .         Rampage  .   (gloves unavailable)
Will     .....                  (boots unavailable)
Stlth    ++........             (no amulet)
HPRegen  1.23/turn              c - +4 ring of protection
MPRegen  0.11/turn              s - ring of protection from fire

@: mighty, lethally poisoned (-2 -> -31), hasted, very quick
A: large, unfitting armour, claws 3, regeneration 1, shaggy fur 1, tough skin 1
a: Renounce Religion, Heroism


You were on level 7 of the Dungeon.
You worshipped Okawaru.
Okawaru was aware of your devotion.
You visited 2 branches of the dungeon, and saw 8 of its levels.

You collected 386 gold pieces.

Inventory:

Missiles
 g - 26 poisoned darts (quivered)
 u - 6 boomerangs
Armour
 a - a +0 robe (worn)
Jewellery
 c - a +4 ring of protection (left claw)
 f - a ring of ice
 s - a ring of protection from fire (right claw)
Wands
 k - a wand of iceblast (25)
 n - a wand of charming (12)
 o - a wand of paralysis (10)
 w - a wand of acid (10)
Scrolls
 d - 2 scrolls of teleportation
 i - a scroll of amnesia {unknown}
 q - 3 scrolls of identify {unknown}
 t - 2 scrolls of blinking {unknown}
 x - a scroll of magic mapping {unknown}
 y - a scroll of fear {unknown}
 z - a scroll of summoning
Potions
 h - 2 potions of haste
 j - a potion of flight {unknown}
 l - 2 potions of mutation {unknown}
 m - 2 potions of curing {unknown}
 p - a potion of magic {unknown}
 r - 2 potions of brilliance {unknown}
 v - a potion of attraction {unknown}


   Skills:
 + Level 2.4 Fighting
 + Level 0.3 Throwing
 + Level 6.0 Dodging
 - Level 1.0 Stealth
 * Level 10.7 Unarmed Combat
 + Level 0.2 Invocations


You had 8 spell levels left.
You didn't know any spells.
Your spell library contained the following spells:

 Spells                   Type           Power      Damage    Failure   Level
 Freeze                   Ice            0%         1d3       45%         1
 Shock                    Conj/Air       0%         1d3       45%         1
 Sting                    Tmut/Pois      0%         1d3       45%         1
 Slow                     Hex            0%         N/A       58%         2
 Confusing Touch          Hex            0%         N/A       83%         3
 Conjure Flame            Conj/Fire      0%         6-21      83%         3
 Frozen Ramparts          Ice            0%         1d2       83%         3
 Stone Arrow              Conj/Erth      0%         3d7       83%         3
 Swiftness                Air            0%         N/A       83%         3
 Vampiric Draining        Necr           0%         2d6       83%         3
 Airstrike                Air            0%         N/A       99%         4
 Hailstorm                Conj/Ice       0%         3d3       99%         4
 Bolt of Magma            Conj/Fire/Erth 0%         4d4       100%        5
 Yara's Violent Unravell  Hex/Tmut       0%         3d3       100%        5
 Iron Shot                Conj/Erth      0%         9d1       100%        6
 Shatter                  Erth           0%         3d5*      100%        9


Dungeon Overview and Level Annotations

Branches:
Dungeon (7/15)             Temple (1/1) D:6

Altars:
Cheibriados
Dithmenos
Elyvilon
Gozag
Hepliaklqana
Kikubaaqudgha
Makhleb
Nemelex Xobeh
Okawaru
Qazlal
Ru
Sif Muna
Trog
Vehumet
Wu Jian
Xom
Yredelemnul
Zin
The Shining One


Innate Abilities, Weirdness & Mutations

You are too large for most types of armour.
You have claws for hands.
Your natural rate of healing is unusually fast.
You are covered in fur. (AC +1)
You have tough skin. (AC +1)


Message History

The killer bee stings you.
* * * LOW HITPOINT WARNING * * *
The killer bee stings you.
* * * LOW HITPOINT WARNING * * *
You are more poisoned.
The killer bee poisons you!
You claw the killer bee!
The killer bee is severely wounded.
You feel very sick. The killer bee stings you.
* * * LOW HITPOINT WARNING * * *
The killer bee stings you but does no damage.
The killer bee stings you.
* * * LOW HITPOINT WARNING * * *
You are more poisoned.
The killer bee poisons you! The killer bee closely misses you.
You miss the killer bee. Your claw misses the killer bee.
The killer bee is severely wounded.
* * * LOW HITPOINT WARNING * * *
You feel very sick. The killer bee stings you.
* * * LOW HITPOINT WARNING * * *
You are more poisoned.
The killer bee poisons you!
The killer bee stings you but does no damage.
The killer bee stings you.
* * * LOW HITPOINT WARNING * * *
You are more poisoned.
The killer bee poisons you! The killer bee closely misses you.
Unknown command.
It was a potion of haste.
You feel yourself speed up.
* * * LOW HITPOINT WARNING * * *
You feel extremely sick. The killer bee stings you.
* * * LOW HITPOINT WARNING * * *
You are more poisoned.
The killer bee poisons you! The killer bee misses you.
The killer bee stings you but does no damage.
The killer bee stings you.
You die...

.......#....#######........#
<......#'####.....#........#
..................#........#
..................###########+##
..........................)....#
#######........................+
#......##'##.............#
#......#..yy.............#
#......+..@#.............#
#......#...#...........>.#
####+##......#...#.............#
......#......#>..#.............#
......#......#...####+#####......
......#......#+### ......
......#......+ ......
......#......# ......
......#......# ......


You could see 2 killer bees.

Vanquished Creatures
  A water moccasin (D:7)
  A sky beast (D:6)
  3 ice beasts
  An orc warrior (D:6)
  A necrophage (D:6)
  2 ogres (D:5)
  A phantom (D:4)
  A gnoll sergeant (D:3)
  A scorpion (D:3)
  A water moccasin zombie (D:5)
  A water moccasin skeleton (D:6)
  4 killer bees
  3 howler monkeys
  A hound (D:4)
  3 jellies
  3 centaur skeletons
  3 orc priests
  3 bullfrog skeletons
  A gnoll shaman (D:6)
  3 iguanas (D:6)
  Ijyb (D:3)
  2 orc wizards (D:6)
  2 hound skeletons (D:4)
  13 gnolls
  6 adders
  A shadow imp (D:6)
  3 white imps (D:6)
  2 ufetubi (D:5)
  2 worms (D:3)
  7 dart slugs
  19 orcs
  6 endoplasms
  4 giant cockroaches
  9 goblins
  9 hobgoblins
  11 jackals
  4 kobolds
  3 quokkas
  7 ball pythons
  10 bats
  5 frilled lizards
  10 rats
174 creatures vanquished.

Vanquished Creatures (others)
  2 fungi (D:2)
  A plant (D:2)
3 creatures vanquished.

Grand Total: 177 creatures vanquished

Notes
Turn   | Place    | Note
-------+----------+-------------------------------------------
     0 | D:1      | pkoi the Troll Monk began the quest for the Orb.
     0 | D:1      | Reached XP level 1. HP: 22/22 MP: 0/0
    89 | D:1      | Got the Volume of Mutagenic Attacks
   149 | D:1      | Reached XP level 2. HP: 29/29 MP: 1/1
   247 | D:1      | You fall into a shaft and drop 1 floor!
   268 | D:2      | Reached skill level 4 in Unarmed Combat
   446 | D:2      | Reached XP level 3. HP: 36/36 MP: 2/2
   509 | D:2      | Reached skill level 5 in Unarmed Combat
   509 | D:2      | Reached XP level 4. HP: 8/44 MP: 3/3
   635 | D:2      | Found a faded altar of an unknown god.
  1137 | D:2      | Reached XP level 5. HP: 50/50 MP: 4/4
  1553 | D:3      | Noticed an ice beast
  1563 | D:2      | Killed an ice beast
  1564 | D:2      | Reached skill level 6 in Unarmed Combat
  1646 | D:3      | Found a bloodstained altar of Trog.
  1739 | D:3      | Reached XP level 6. HP: 59/59 MP: 5/5
  1764 | D:3      | Noticed Ijyb
  1782 | D:3      | Killed Ijyb
  1854 | D:3      | Reached skill level 7 in Unarmed Combat
  2409 | D:4      | Reached XP level 7. HP: 14/66 MP: 6/6
  3102 | D:5      | Entered Level 5 of the Dungeon
  3225 | D:5      | Reached skill level 8 in Unarmed Combat
  3866 | D:6      | Reached XP level 8. HP: 60/74 MP: 7/7
  3921 | D:6      | Reached skill level 9 in Unarmed Combat
  4099 | D:6      | Reached skill level 5 in Dodging
  4239 | D:6      | Found a staircase to the Ecumenical Temple.
  4316 | Temple   | Entered the Ecumenical Temple
  4470 | Temple   | Became a worshipper of Ru the Awakened
  4492 | Temple   | Fell from the grace of Ru
  4492 | Temple   | Became a worshipper of Warmaster Okawaru
  4550 | D:6      | Reached skill level 10 in Unarmed Combat
  4600 | D:6      | Reached XP level 9. HP: 66/80 MP: 8/8
  4756 | D:6      | Reached * piety under Okawaru
  4811 | D:7      | Found an ornate altar of the Wu Jian Council.
  4819 | D:7      | Found an opulent altar of Gozag.
  4995 | D:7      | HP: 3/80 [poisoned by a killer bee]
  4995 | D:7      | Slain by a killer bee

Illustrated notes

Levels and vault maps discovered:
D:1:      dpeg_arrival_refuge, layout_loops_ring
D:2:      layout_basic, shapermc_ecumenical_altar_acropolis
D:3:      layout_basic, mainiacjoe_overflow_tiny_flanked,
          minmay_divided_ellipse, uniq_ijyb
D:4:      layout_basic
D:5:      layout_layer_cave
D:6:      layout_basic, minmay_temple_entry_glassed_door,
          minmay_misc_feat_diagonals, st_stairs_1, grunt_potential
D:7:      layout_gridville, nicolae_uskayaw_murder_on_the_dancefloor,
          jmf_multi_god_temple, st_stairs_10, kennysheep_generic_room_16,
          uniq_harold
Temple:   eino_temple_scatter_basement

Skill      XL: |  1  2  3  4  5  6  7  8  9 |
---------------+----------------------------+-----
Unarmed Combat | 4 5 6 7 8 10 | 10.7
Dodging        | 3 4 5 6 |  6.0
Fighting       | |  2.4
Throwing       | |  0.3
Stealth        | |  1.0
Invocations    | |  0.2

Action                   |  1- 3 |  4- 6 |  7- 9 || total
-------------------------+-------+-------+-------++-------
Melee: Unarmed           |    54 |   184 |   216 ||   454
       Punch             |     1 |     4 |    10 ||    15
Throw: Dart              |       |       |     1 ||     1
  Use: Scroll            |       |     7 |       ||     7
       Potion            |       |       |     3 ||     3
 Stab: Sleeping          |     1 |     4 |     1 ||     6
       Distracted        |       |       |     1 ||     1
Armor: Robe              |    27 |    64 |    89 ||   180
Dodge: Dodged            |    30 |    93 |   134 ||   257
